 Dungeon Crawl Stone Soup version 0.23-a0-741-g38971ea054 (webtiles) character file.

112 KARABOGA the Ducker (level 4, 0/41 HPs)
             Began as a Gnoll Monk on Jan 18, 2019.
             Slain by a crimson imp
             ... wielding a +0 mace
              (6 damage)
             ... on level 3 of the Dungeon.
             The game lasted 00:02:35 (1723 turns).

KARABOGA the Ducker (Gnoll Monk)                    Turns: 1723, Time: 00:02:36

Health: 0/41       AC:  3    Str: 13    XL:     4   Next: 93%
Magic:  5/5        EV: 17    Int: 12    God:
Gold:   125        SH:  0    Dex: 19    Spells: 5/5 levels left

rFire    . . .     SeeInvis .   a - +0 mace
rCold    + . .     Gourm    .   (no shield)
rNeg     . . .     Faith    .   b - +1 robe
rPois    .         Spirit   .   (no helmet)
rElec    .         Reflect  .   (no cloak)
rCorr    .         Harm     .   (no gloves)
MR       .....                  (no boots)
Stlth    +++.......             h - amulet of the acrobat
HPRegen  0.13/turn              j - ring of protection from cold
MPRegen  0.09/turn              (no ring)

@: no status effects
A: distributed training, fangs 1, strong nose
a: no special abilities


You were on level 3 of the Dungeon.
You were hungry.

You visited 1 branch of the dungeon, and saw 3 of its levels.

You collected 125 gold pieces.

Inventory:

Hand Weapons
 a - a +0 mace (weapon)
Armour
 b - a +1 robe (worn)
Jewellery
 h - an amulet of the acrobat (around neck)
 j - a ring of protection from cold (left hand)
Wands
 q - a wand of paralysis (7)
Scrolls
 d - 3 scrolls of remove curse
 f - a scroll of teleportation
 o - 3 scrolls of random uselessness {unknown}
Potions
 e - a potion of mutation {unknown}
 g - a potion of haste {unknown}
 i - a potion of cancellation {unknown}
 k - a potion of brilliance {unknown}
 l - a potion of invisibility {unknown}
 m - 2 potions of flight {unknown}
 n - a potion of heal wounds {unknown}
Comestibles
 c - 5 rations


   Skills:
 + Level 6.6 Fighting
 + Level 1.2 Short Blades
 + Level 1.2 Long Blades
 + Level 1.2 Axes
 + Level 6.6 Maces & Flails
 + Level 1.2 Polearms
 + Level 1.2 Staves
 + Level 1.2 Slings
 + Level 1.2 Bows
 + Level 1.2 Crossbows
 + Level 1.2 Throwing
 + Level 1.2 Armour
 + Level 6.6 Dodging
 + Level 4.3 Stealth
 + Level 1.2 Shields
 + Level 1.2 Unarmed Combat
 + Level 1.2 Spellcasting
 + Level 1.0 Conjurations
 + Level 1.0 Hexes
 + Level 1.0 Charms
 + Level 1.0 Summonings
 + Level 1.0 Necromancy
 + Level 1.0 Translocations
 + Level 1.0 Transmutations
 + Level 1.0 Fire Magic
 + Level 1.0 Ice Magic
 + Level 1.0 Air Magic
 + Level 1.0 Earth Magic
 + Level 1.0 Poison Magic
 + Level 1.4 Invocations
 + Level 1.2 Evocations


You had 5 spell levels left.
You didn't know any spells.
Your spell library was empty.

Dungeon Overview and Level Annotations

Branches:
Dungeon (3/15)

Altars:


Innate Abilities, Weirdness & Mutations

Your experience applies equally to all skills.
You have very sharp teeth.
Your uncanny sense of smell can sniff out nearby items.


Message History

You hit the crimson imp.
You bite the crimson imp, but do no damage.
The crimson imp is heavily wounded.
You completely miss the crimson imp. Your bite misses the crimson imp.
The crimson imp is heavily wounded.
The crimson imp blinks!
You see here an onyx ring.
j - an onyx ring The crimson imp blinks!
j - a ring of protection from cold (left hand)
You are too injured to fight recklessly!
You are too injured to fight recklessly!
The crimson imp hits you with a +0 mace.
* * * LOW HITPOINT WARNING * * *
Things that are here:
a +0 spear; a gnoll corpse You hit the crimson imp.
The crimson imp is heavily wounded.
The crimson imp hits you with a +0 mace.
You die...

#.# #..#.... #....#.#
## #.#.##.# .
#.#.##.# .#
######.#.##.#######.#
.....#.#.##.........#
#.†............###
##)5@......###.#
####.####.# #.# #.#
#.# #.###### #.# #.#
#...)).. ..# #.#
######## #.. #.# ##.
#.# . # ##


You could see a crimson imp.

Vanquished Creatures
  7 gnolls (D:3)
  2 dart slugs (D:1)
  An orc (D:3)
  2 bats
  2 giant cockroaches (D:1)
  8 goblins (D:1)
  6 hobgoblins
  4 kobolds
  2 ball pythons
  3 frilled lizards
  3 rats
40 creatures vanquished.

Notes
Turn   | Place    | Note
-------+----------+-------------------------------------------
     0 | D:1      | KARABOGA the Gnoll Monk began the quest for the Orb.
     0 | D:1      | Reached XP level 1. HP: 23/23 MP: 1/1
    71 | D:1      | Reached XP level 2. HP: 26/29 MP: 2/2
   303 | D:1      | Reached XP level 3. HP: 33/35 MP: 3/3
  1411 | D:3      | Reached skill level 1 in Invocations
  1443 | D:3      | Reached skill level 1 in Short Blades
  1443 | D:3      | Reached skill level 1 in Long Blades
  1443 | D:3      | Reached skill level 1 in Axes
  1443 | D:3      | Reached skill level 1 in Polearms
  1443 | D:3      | Reached skill level 1 in Staves
  1443 | D:3      | Reached skill level 1 in Slings
  1443 | D:3      | Reached skill level 1 in Bows
  1443 | D:3      | Reached skill level 1 in Crossbows
  1443 | D:3      | Reached skill level 1 in Throwing
  1443 | D:3      | Reached skill level 1 in Armour
  1443 | D:3      | Reached skill level 1 in Shields
  1443 | D:3      | Reached skill level 1 in Unarmed Combat
  1443 | D:3      | Reached skill level 1 in Spellcasting
  1443 | D:3      | Reached skill level 1 in Evocations
  1443 | D:3      | Reached XP level 4. HP: 31/41 MP: 5/5
  1696 | D:3      | Reached skill level 1 in Conjurations
  1696 | D:3      | Reached skill level 1 in Hexes
  1696 | D:3      | Reached skill level 1 in Charms
  1696 | D:3      | Reached skill level 1 in Summonings
  1696 | D:3      | Reached skill level 1 in Necromancy
  1696 | D:3      | Reached skill level 1 in Translocations
  1696 | D:3      | Reached skill level 1 in Transmutations
  1696 | D:3      | Reached skill level 1 in Fire Magic
  1696 | D:3      | Reached skill level 1 in Ice Magic
  1696 | D:3      | Reached skill level 1 in Air Magic
  1696 | D:3      | Reached skill level 1 in Earth Magic
  1696 | D:3      | Reached skill level 1 in Poison Magic
  1707 | D:3      | HP: 2/41 [crimson imp/+0 mace (5)]
  1723 | D:3      | Slain by a crimson imp

Vault maps used:
D:1:      lightli_arrival_statue_moat
D:3:      kennysheep_goblin_castle, nicolae_overflow_hidden_temple,
          lemuel_round_altar

Skill      XL: |  1  2  3  4 |
---------------+-------------+-----
Invocations    | 1 |  1.4
Short Blades   | 1 |  1.2
Long Blades    | 1 |  1.2
Axes           | 1 |  1.2
Polearms       | 1 |  1.2
Staves         | 1 |  1.2
Slings         | 1 |  1.2
Bows           | 1 |  1.2
Crossbows      | 1 |  1.2
Throwing       | 1 |  1.2
Armour         | 1 |  1.2
Shields        | 1 |  1.2
Unarmed Combat | 1 |  1.2
Spellcasting   | 1 |  1.2
Evocations     | 1 |  1.2
Conjurations   | 1 |  1.0
Hexes          | 1 |  1.0
Charms         | 1 |  1.0
Summonings     | 1 |  1.0
Necromancy     | 1 |  1.0
Translocations | 1 |  1.0
Transmutations | 1 |  1.0
Fire Magic     | 1 |  1.0
Ice Magic      | 1 |  1.0
Air Magic      | 1 |  1.0
Earth Magic    | 1 |  1.0
Poison Magic   | 1 |  1.0
Fighting       | |  6.6
Maces & Flails | |  6.6
Dodging        | |  6.6
Stealth        | |  4.3

Action                   |  1- 3 |  4- 6 || total
-------------------------+-------+-------++-------
Melee: Mace              |   108 |    53 ||   161
       Bite              |    12 |     9 ||    21
  Use: Scroll            |     5 |       ||     5
       Potion            |       |     2 ||     2
 Stab: Sleeping          |    11 |       ||    11
  Eat: Chunk             |     2 |       ||     2
Armor: Robe              |     2 |     1 ||     3
Dodge: Dodged            |    79 |    48 ||   127

Table legend:
 A = Non-vault XP
 B = Vault XP
 C = Vault XP percentage of total XP
 D = Non-vault monster count
 E = Vault monster count
 F = Vault count percentage of total count
                 A         B        C        D         E       F
            +---------+---------+-------+---------+---------+-------
      Total |     160 |       0 |   0.0 |      40 |       0 |   0.0
            +---------+---------+-------+---------+---------+-------
        D:1 |      44 |       0 |   0.0 |      22 |       0 |   0.0
        D:2 |       8 |       0 |   0.0 |       6 |       0 |   0.0
        D:3 |     108 |       0 |   0.0 |      12 |       0 |   0.0
            +---------+---------+-------+---------+---------+-------
